 Dungeon Crawl Stone Soup version 0.31-a0-1093-gadecf4124d (webtiles) character file.

Game seed: 10848090821767418384

460 Malachi the Fighter (level 7, -2/63 HPs)
             Began as an Octopode Shapeshifter on Nov 29, 2023.
             Was an Initiate of Dithmenos.
             Slain by a black bear (6 damage)
             ... on level 4 of the Dungeon.
             The game lasted 00:04:00 (2820 turns).

Malachi the Fighter (Octopode Shapeshifter)         Turns: 2820, Time: 00:04:01

Health: -2/63      AC:  1    Str: 15    XL:     7   Next: 7%
Magic:  7/7        EV: 13    Int: 13    God:    Dithmenos [......]
Gold:   201        SH:  0    Dex: 11    Spells: 6/6 levels left

rFire   . .          .
                       - Unarmed
rCold   + . .        (no shield)
rNeg    . . .        (helmet currently unavailable)
rPois   .            (no amulet)
rElec   .            g - ring of protection from cold
rCorr   .            (no ring)
SInv    .            (no ring)
Will    .....        (no ring)
Stlth   ++           (no ring)
HPRegen 0.30/turn    (no ring)
MPRegen 0.10/turn    (no ring)
                     (no ring)

%: no passive effects
@: beast-form
A: beast (slay +2), almost no armour, amphibious, 8 rings, camouflage 1,
gelatinous body 1, (nimble swimmer 1), tentacles
a: Begin Untransformation, Renounce Religion


You were on level 4 of the Dungeon.
You worshipped Dithmenos.
Dithmenos was noncommittal.
You were a hulking beast.
You visited 2 branches of the dungeon, and saw 5 of its levels.

You collected 201 gold pieces.

Inventory:

Hand Weapons
 e - a +3 hand axe
Armour
 d - a +1 hat of willpower
 k - an orb of guile
Jewellery
 g - a ring of protection from cold (left tentacle)
 j - an amulet of magic regeneration
 o - a ring of wizardry
Talismans
 b - a beast talisman
 c - a flux talisman
Wands
 a - a wand of acid (8)
Scrolls
 f - a scroll of torment {unknown}
 h - 3 scrolls of teleportation
 i - a scroll of revelation
 l - a scroll of enchant weapon
 n - a scroll of fear {unknown}


   Skills:
 - Level 12.1 Fighting
 - Level 2.2 Dodging
 + Level 4.8 Unarmed Combat
 + Level 4.5 Shapeshifting


You had 6 spell levels left.
You didn't know any spells.
Your spell library contained the following spells:

 Spells                   Type           Power      Damage    Failure   Level
 Foxfire                  Conj/Fire      0%         2x1d4     30%         1
 Ensorcelled Hibernation  Hex/Ice        0%         N/A       43%         2
 Jinxbite                 Hex            0%         N/A       43%         2
 Anguish                  Hex/Necr       0%         N/A       97%         4
 Plasma Beam              Fire/Air       0%         2x1d10    100%        6
 Starburst                Conj/Fire      0%         6d3       100%        6


Dungeon Overview and Level Annotations

Branches:
Dungeon (4/15)             Temple (1/1) D:4

Altars:
Ashenzari
Dithmenos
Gozag
Hepliaklqana
Kikubaaqudgha
Qazlal
Ru
Sif Muna
Vehumet
Wu Jian
Xom
Yredelemnul


Innate Abilities, Weirdness & Mutations

You are a hulking beast.
Your limbs bulge with bestial killing power. (Slay +2)
You cannot wear most types of armour.
You are amphibious.
You can wear up to eight rings at the same time.
Your skin changes colour to match your surroundings (Stealth+).
Your rubbery body absorbs attacks. (AC +1, EV +1)
((You are camouflaged when in or above water. (Stealth+)))
You have tentacles for arms and can constrict up to eight enemies at once.


Message History

You hear a shout!
The teleport trap disappears.
The gnoll disappears!
The teleport trap disappears.
The gnoll disappears!
A gnoll comes into view. It is wielding a +0 spear.
The black bear bites you. The black bear completely misses you.
The black bear claws you. The black bear completely misses you.
The black bear claws you. x2
The gnoll hits you from afar with a +0 spear.
You tentacle-slap the black bear. You grab the black bear.
You squeeze the black bear.
The black bear is moderately wounded.
You constrict the black bear, but do no damage.
The black bear barely misses you. The black bear claws you.
The black bear misses you.
You tentacle-slap the black bear but do no damage.
The black bear is moderately wounded.
You constrict the black bear.
The gnoll hits you from afar with a +0 spear.
The black bear bites you! The black bear closely misses you.
The black bear claws you.
You tentacle-slap the black bear.
The black bear is severely wounded.
You constrict the black bear. The gnoll closely misses you.
The gnoll hits you from afar with a +0 spear.
You barely miss the black bear.
The black bear is almost dead.
You constrict the black bear.
The black bear goes berserk!
The gnoll hits you from afar with a +0 spear.
The gnoll closely misses you.
You are too injured to fight recklessly!
You release your grip on the black bear.
The black bear attacks as it pursues you!
The black bear bites you. The black bear claws you. x2
* * * LOW HITPOINT WARNING * * *
The black bear bites you.
* * * LOW HITPOINT WARNING * * *
The black bear claws you.
* * * LOW HITPOINT WARNING * * *
The black bear claws you.
You die...

.## ... .^^^.# ..# #.#
.^_... ..# #.####..^...
#.## #........... ...###
#.#......... .#.[.###
######.#.......# ....(..#.
#......g......#
#.#......##..####h#......#
....#....... #h.#......#
>.#...#...... #.##.....>#
....#....###.# #.##......#
#.#......# #..##.#########
........(# #.....#####
.#.......######.#.......
........................
#.##..###.......########
).#..## #########


You could see a black bear (berserk) and a gnoll.

Vanquished Creatures
  2 scorpions (D:4)
  Ijyb (D:3)
  Natasha (thrice) (D:3)
  4 adders
  A worm (D:3)
  3 dart slugs
  3 ball pythons
  10 bats
  9 endoplasms
  3 giant cockroaches
  6 goblins
  5 hobgoblins
  2 jackals (D:1)
  7 quokkas
  3 frilled lizards (D:3)
  7 kobolds
  3 rats
72 creatures vanquished.

Vanquished Creatures (others)
  A goblin (D:3)
1 creature vanquished.

Grand Total: 73 creatures vanquished

Notes
Turn   | Place    | Note
-------+----------+-------------------------------------------
     0 | D:1      | Malachi the Octopode Shapeshifter began the quest for the
                  | Orb.
     0 | D:1      | Reached XP level 1. HP: 13/13 MP: 1/1
    72 | D:1      | Reached XP level 2. HP: 7/18 MP: 2/2
   389 | D:1      | Reached XP level 3. HP: 20/23 MP: 3/3
  1041 | D:2      | Reached XP level 4. HP: 15/28 MP: 4/4
  1352 | D:3      | Noticed Natasha
  1361 | D:3      | Killed Natasha
  1657 | D:3      | Noticed Natasha
  1663 | D:3      | Killed Natasha
  1664 | D:3      | Reached XP level 5. HP: 23/33 MP: 5/5
  1720 | D:3      | Found a hazy altar of Hepliaklqana.
  1801 | D:3      | Noticed Ijyb
  1806 | D:3      | Reached skill level 12 in Fighting
  1806 | D:3      | Reached XP level 6. HP: 12/57 MP: 6/6
  1810 | D:3      | HP: 2/57 [Ijyb/bolt of acid (17)]
  1813 | D:3      | Killed Ijyb
  2167 | D:3      | Found a radiant altar of Vehumet.
  2187 | D:3      | Noticed Natasha
  2191 | D:3      | Killed Natasha
  2511 | D:3      | Identified a scroll of acquirement
  2515 | D:3      | Acquired a +1 hat of willpower
  2549 | D:4      | Found a staircase to the Ecumenical Temple.
  2573 | D:4      | Identified the +0 robe of a wizard's laboratory {Dex+4
                  | Archmagi}
  2579 | Temple   | Entered the Ecumenical Temple
  2620 | Temple   | Became a worshipper of Dithmenos the Shadowed
  2644 | D:4      | Reached XP level 7. HP: 56/63 MP: 7/7
  2806 | D:4      | Found a shimmering altar of Xom.
  2820 | D:4      | Slain by a black bear

Illustrated notes

Levels and vault maps discovered:
D:1:      nzn_arrival_depleted_hourglass, layout_rooms, minmay_pentomino_t2
D:2:      layout_basic, serial_rivers, chequers_serial_rivers_small_3,
          chequers_serial_rivers_room_b, chequers_serial_rivers_micro_e,
          chequers_serial_rivers_micro_e
D:3:      layout_rooms, mainiacjoe_overflow_divided_tiny,
          roderic_serpentine_path, uniq_natasha, uniq_ijyb
D:4:      layout_rooms, xom_teletrap_fun, minmay_temple_entry_sparse_star
Temple:   nicolae_temple_cloud_nine

Skill      XL: |  1  2  3  4  5 |
---------------+----------------+-----
Unarmed Combat | 4 |  4.8
Shapeshifting  | 4 |  4.5
Fighting       | 12 | 12.1
Dodging        | |  2.2

Action                     |  1- 3 |  4- 6 |  7- 9 || total
---------------------------+-------+-------+-------++-------
  Melee: Unarmed           |    81 |    56 |     7 ||   144
         Constrict         |    19 |    14 |     1 ||    34
         Tentacles         |    12 |    11 |     2 ||    25
         Punch             |     2 |       |       ||     2
    Use: Potion            |       |     4 |       ||     4
         Scroll            |       |     5 |       ||     5
   Stab: Sleeping          |     9 |     7 |     2 ||    18
         Distracted        |       |     1 |       ||     1
 Armour: Skin              |    34 |    24 |    17 ||    75
  Dodge: Dodged            |    39 |    29 |     8 ||    76

Table legend: (Time is in decaauts)
 A = Elapsed time spent in this place.
 B = Non-inter-level travel time spent in this place.
 C = Inter-level travel time spent in this place.
 D = Time resting spent in this place.
 E = Time spent auto-exploring this place.
 F = Levels seen in this place.
 G = Mean time per level.
                   A        B        C        D        E       F      G
               +--------+--------+--------+--------+--------+-----+--------+
         Total |   2809 |   2754 |     55 |    561 |   1658 |   5 |  561.8 |
       Dungeon |   2761 |   2711 |     50 |    561 |   1643 |   4 |  690.2 |
        Temple |     47 |     42 |      5 |      0 |     15 |   1 |   47.0 |
               +--------+--------+--------+--------+--------+-----+--------+

Top non-repeatable levels by time:
     D:3: 1170 daAuts
     D:2: 797 daAuts
     D:1: 547 daAuts
     D:4: 246 daAuts
  Temple: 47 daAuts
